 Dungeon Crawl Stone Soup version 0.27-a0-1154-gfdeffcb720 (webtiles) character file.

Game seed: 1747154371336545902

24749 robertstho the Spear-Bearer (level 12, -6/112 HPs)
             Began as a Black Draconian Berserker on May 14, 2021.
             Was a High Priest of Trog.
             Shot with a bolt by a yaktaur (16 damage)
             ... in a volcano.
             The game lasted 00:17:29 (12903 turns).

robertstho the Spear-Bearer (DrBe)                 Turns: 12903, Time: 00:17:29

Health: -6/112     AC: 16    Str: 24    XL:     12   Next: 83%
Magic:  12/12      EV: 18    Int:  7    God:    Trog [*****.]
Gold:   500        SH:  5    Dex: 18    Spells: 11/11 levels left

rFire    . . .     SeeInvis +   o - +8 glaive of the Guard {elec, spectral, AC+5}
rCold    . . .     Faith    .   (shield currently unavailable)
rNeg     . . .     Spirit   .   (armour unavailable)
rPois    .         Reflect  +   (helmet restricted)
rElec    +         Harm     .   t - +1 cloak
rCorr    .         Rampage  .   (no gloves)
Will     .....                  L - +0 pair of boots
Stlth    +++.......             z - amulet of reflection
HPRegen  0.28/turn              d - +6 ring of dexterity
MPRegen  0.13/turn              I - ring of see invisible

@: no status effects
A: breathe lightning, AC +8, unfitting armour, electricity resistance,
cold-blooded
a: Breathe Lightning, Renounce Religion, Berserk, Trog's Hand, Brothers in Arms


You were in a volcano.
You worshipped Trog.
Trog was extremely pleased with you.
You visited 2 branches of the dungeon, and saw 13 of its levels.
You also visited: Volcano.

You collected 724 gold pieces.
You spent 224 gold pieces at shops.

Inventory:

Hand Weapons
 a - a +0 falchion
 o - the +8 glaive of the Guard (weapon) {elec, spectral, AC+5}
   (You acquired it on level 1 of the Dungeon)

   Occasionally, upon striking a foe, it can discharge electrical energy and
   cause terrible harm.
   When it strikes, its spirit leaps out and fights alongside the wielder.
   It affects your AC (+5).
 F - a +0 scimitar of flaming
Missiles
 m - 7 boomerangs of dispersal
 n - 5 curare-tipped darts
 q - 3 throwing nets
 M - 2 atropa-tipped darts
Armour
 t - a +1 cloak (worn)
 w - a +0 kite shield
 L - a +0 pair of boots (worn)
Jewellery
 d - a +6 ring of dexterity (left hand)
 z - an amulet of reflection (around neck)
 G - a ring of fire
 I - a ring of see invisible (right hand)
 J - a ring of poison resistance
 N - the ring of Sebiviest {Str+4 Int+4 Dex+6}
   (You found it on level 2 of the Lair of Beasts)

   [ring of dexterity]

   It affects your strength (+4).
   It affects your intelligence (+4).
   It affects your dexterity (+6).
 O - a ring of ice
Wands
 B - a wand of iceblast (10)
 H - a wand of flame (59)
Scrolls
 b - 7 scrolls of teleportation
 f - 2 scrolls of fog {unknown}
 g - 3 scrolls of enchant armour {unknown}
 k - a scroll of vulnerability {unknown}
 r - 2 scrolls of enchant weapon
 s - a scroll of holy word
 u - a scroll of blinking
 x - a scroll of magic mapping
 y - 4 scrolls of fear
 C - 5 scrolls of amnesia {unknown}
 D - a scroll of summoning {unknown}
Potions
 c - 6 potions of flight
 e - a potion of brilliance {unknown}
 h - a potion of heal wounds
 i - 5 potions of curing {unknown}
 j - a potion of ambrosia
 l - 2 potions of might
 p - 2 potions of cancellation
 v - a potion of attraction
 A - a potion of invisibility
 E - 2 potions of resistance
 K - a potion of lignification


   Skills:
 * Level 12.0 Fighting
 + Level 7.9 Long Blades
 + Level 12.7 Polearms
 * Level 9.7 Dodging
 + Level 5.8 Stealth
 + Level 2.5 Shields


You had 11 spell levels left.
You didn't know any spells.
Your spell library was empty.

Dungeon Overview and Level Annotations

Branches:
Dungeon (10/15)            Temple (0/1) D:6            Lair (3/6) D:8
  Swamp (0/4) Lair:2        Snake (0/4) Lair:3          Orc (0/2) D:10
Volcano (1/1)

Altars:
Fedhas
Gozag
Hepliaklqana
Kikubaaqudgha
Qazlal
Ru
Uskayaw
Wu Jian
Zin

Shops:
D:1 ?

Annotations:
Lair:1 2 transporters, dolemite99's ghost, journeyman DEAE


Innate Abilities, Weirdness & Mutations

You can breathe wild blasts of lightning.
Your glossy black scales are hard. (AC +8)
You cannot fit into any form of body armour.
You are resistant to electric shocks. (rElec)
You are cold-blooded and may be slowed by cold attacks.


Message History

You open the large door.
A yaktaur comes into view.
It is wielding a +1 arbalest of flaming.
The centaur warrior shoots an arrow.
The arrow completely misses you.
The centaur warrior shoots an arrow.
You reflect the arrow off an invisible shield around you!
The arrow hits the centaur warrior!
The arrow burns the centaur warrior.
The yaktaur shouts!
A yaktaur comes into view.
It is wielding a +2 arbalest of flaming.
The yaktaur shouts!
The yaktaur shoots a bolt.
The bolt barely misses you.
You hear a shout!
Found 13 gold pieces and a potion of resistance.
There is a large open door here.
A centaur comes into view.
It is wielding a +0 shortbow of flaming.
Something unseen opens the door.
The yaktaur shoots a bolt.
The bolt completely misses you.
Found a scorched helmet.
You close the large door.
The yaktaur shoots a bolt.
The bolt hits you!
* * * LOW HITPOINT WARNING * * *
The bolt burns you.
* * * LOW HITPOINT WARNING * * *
The centaur shoots an arrow.
You reflect the arrow off an invisible shield around you!
The arrow barely misses the centaur.
You feel much better.
The yaktaur shoots a bolt.
The bolt hits you.
* * * LOW HITPOINT WARNING * * *
The bolt burns you.
* * * LOW HITPOINT WARNING * * *
The centaur shoots an arrow.
The arrow barely misses you.
The yaktaur shoots a bolt.
The bolt hits you!
* * * LOW HITPOINT WARNING * * *
The bolt burns you.
* * * LOW HITPOINT WARNING * * *
You feel much better.
The air gets thick with the scent of sulphur.
The centaur shoots an arrow.
The arrow misses you.
The yaktaur shoots a bolt.
The bolt hits you!!
* * * LOW HITPOINT WARNING * * *
The bolt burns you!
You die...

.[. #.## §
+.!d$.+..# §§#
+.._..+cc##§§≈§
#.....#...#≈≈§§
#######...#≈§≈≈
+$!.!!'...#≈§≈§
#..≈.c#...#§§§
#8≈≈≈8#@..#
+..≈..+..##
+.....+c.# §#
#8...8#.##§
≈≈###.....###§§
§≈§≈≈....§§≈≈§≈#
≈≈§≈≈8...8§≈≈§##
≈≈§≈≈....§§§###
#§≈≈....§§≈#


You could see a red draconian, 2 yaktaurs and a centaur.

Vanquished Creatures
  Snorg (D:10)
  Fannar (Lair:3)
  2 hydras
  Harold (D:9)
  A boulder beetle (D:8)
  Erica (Lair:1)
  Pikel (D:6)
  3 cane toads (Lair:1)
  A rime drake (Lair:2)
  4 komodo dragons
  4 polar bears (Lair:1)
  2 trolls
  10 blink frogs
  A slime creature (D:9)
  38 yaks
  A wyvern (D:10)
  A vampire (D:9)
  A basilisk (Lair:1)
  3 steam dragons
  6 water moccasins
  4 orc warriors
  3 ice beasts
  2 sky beasts
  2 black bears (Lair:1)
  A necrophage (D:7)
  7 wolves
  4 ogres
  6 centaurs
  A phantom (D:4)
  4 kobold brigands
  5 bullfrogs
  2 gnoll sergeants
  A scorpion (D:4)
  A wyvern zombie (D:8)
  6 killer bees (D:9)
  24 wights
  8 electric eels
  2 howler monkeys (D:8)
  8 jellies
  2 centaur zombies
  3 hounds (D:8)
  3 orc priests
  A bullfrog zombie (D:4)
  A bullfrog skeleton (D:5)
  An iguana (D:6)
  A gnoll shaman (D:9)
  An orc wizard (D:7)
  A killer bee zombie (D:7)
  A hound skeleton (D:3)
  13 gnolls
  5 howler monkey zombies
  A howler monkey skeleton (D:5)
  2 adders
  A white imp (D:6)
  An ufetubus (D:4)
  2 adder skeletons (D:4)
  2 adder zombies (D:5)
  3 dart slugs
  40 orcs
  5 ball pythons
  16 endoplasms
  6 goblins
  6 hobgoblins
  9 jackals
  24 kobolds
  A quokka (D:4)
  5 bats
  5 frilled lizards
  A rat (D:1)
337 creatures vanquished.

Vanquished Creatures (collateral kills)
  A black mamba (Lair:1)
  A komodo dragon (Lair:1)
  2 blink frogs (Lair:1)
  2 yaks (Lair:1)
  A water moccasin (Lair:1)
7 creatures vanquished.

Vanquished Creatures (others)
  A gnoll (D:8)
  28 fungi
  6 plants
35 creatures vanquished.

Grand Total: 379 creatures vanquished

Notes
Turn   | Place    | Note
-------+----------+-------------------------------------------
     0 | D:1      | robertstho the Draconian Berserker began the quest for the
                  | Orb.
     0 | D:1      | Reached XP level 1. HP: 19/19 MP: 1/1
   160 | D:1      | Reached XP level 2. HP: 19/26 MP: 2/2
   535 | D:1      | Found Berchouly's Magic Scroll Emporium.
  1387 | D:2      | Reached XP level 3. HP: 27/31 MP: 3/3
  2049 | D:2      | Found a faded altar of an unknown god.
  2613 | D:3      | Reached XP level 4. HP: 37/40 MP: 4/4
  2641 | D:3      | Reached ** piety under Trog
  3216 | D:4      | Noticed a scorpion
  3227 | D:4      | Killed a scorpion
  3228 | D:4      | Reached XP level 5. HP: 19/46 MP: 5/5
  3882 | D:4      | Found an ancient bone altar of Kikubaaqudgha.
  4029 | D:4      | Noticed a phantom
  4045 | D:4      | Killed a phantom
  4046 | D:4      | Reached skill level 5 in Long Blades
  4046 | D:4      | Reached skill level 1 in Stealth
  4046 | D:4      | Reached XP level 6. HP: 37/53 MP: 6/6
  4398 | D:5      | Entered Level 5 of the Dungeon
  4472 | D:5      | You fall into a shaft and drop 2 floors!
  4484 | D:6      | Noticed Pikel
  4601 | D:5      | Noticed a sky beast
  4624 | D:5      | Killed a sky beast
  4920 | D:5      | Reached skill level 5 in Fighting
  4920 | D:5      | Your scales start taking on a glossy black colour.
  4920 | D:5      | Reached XP level 7. HP: 61/61 MP: 7/7
  4920 | D:5      | Gained mutation: You are resistant to electric shocks.
                  | (rElec) [Black Draconian growth]
  5095 | D:6      | Reached skill level 5 in Dodging
  5262 | D:1      | Bought a scroll of identify for 28 gold pieces
  5262 | D:1      | Bought a scroll of identify for 28 gold pieces
  5262 | D:1      | Bought a scroll of magic mapping for 49 gold pieces
  5262 | D:1      | Bought a scroll of identify for 28 gold pieces
  5262 | D:1      | Bought a scroll of teleportation for 42 gold pieces
  5262 | D:1      | Bought a scroll of fear for 49 gold pieces
  5269 | D:1      | Identified a scroll of acquirement
  5270 | D:1      | Acquired the +8 glaive of the Guard {elec, spectral, AC+5}
  5271 | D:1      | Found the +8 glaive of the Guard {elec, spectral, AC+5}
  5373 | D:6      | Killed Pikel
  5374 | D:6      | Reached XP level 8. HP: 71/71 MP: 8/8
  5377 | D:6      | Reached *** piety under Trog
  5606 | D:6      | Reached skill level 1 in Polearms
  5808 | D:6      | Found a sacrificial altar of Ru.
  5983 | D:6      | Reached XP level 9. HP: 78/79 MP: 9/9
  6033 | D:6      | Found a staircase to the Ecumenical Temple.
  7084 | D:7      | Reached **** piety under Trog
  7240 | D:8      | Reached skill level 5 in Polearms
  7264 | D:8      | Noticed a troll
  7275 | D:8      | Killed a troll
  7276 | D:8      | Reached skill level 1 in Shields
  7278 | D:8      | Reached XP level 10. HP: 73/89 MP: 10/10
  7285 | D:8      | Found a staircase to the Lair.
  7908 | D:8      | Reached ***** piety under Trog
  8336 | D:8      | Noticed a boulder beetle
  8342 | D:8      | Killed a boulder beetle
  8720 | D:9      | Received a gift from Trog
  8802 | D:9      | Noticed Harold
  8808 | D:9      | Killed Harold
  8970 | D:9      | Found an ornate altar of the Wu Jian Council.
  9533 | D:9      | Reached XP level 11. HP: 97/97 MP: 11/11
  9542 | D:9      | Found a blossoming altar of Fedhas.
  9741 | D:10     | Entered Level 10 of the Dungeon
  9884 | D:10     | Found a hide-covered altar of Uskayaw.
  9886 | D:10     | Found a hazy altar of Hepliaklqana.
  9887 | D:10     | Found a glowing silver altar of Zin.
  9891 | D:10     | Noticed Snorg
  9898 | D:10     | Killed Snorg
 10186 | D:10     | Found a staircase to the Orcish Mines.
 10329 | D:10     | Found an opulent altar of Gozag.
 10329 | D:10     | Found a stormy altar of Qazlal.
 10429 | D:10     | Reached skill level 10 in Fighting
 10715 | Lair:1   | Entered Level 1 of the Lair of Beasts
 10720 | Lair:1   | Reached skill level 10 in Polearms
 10767 | Lair:1   | Reached skill level 5 in Stealth
 10779 | Lair:1   | Received a gift from Trog
 10854 | Lair:1   | Found a transporter.
 10855 | Lair:1   | Found a transporter.
 10855 | Lair:1   | Noticed dolemite99's ghost (journeyman DEAE)
 11064 | Lair:1   | Noticed a four-headed hydra
 11071 | Lair:1   | Killed a nine-headed hydra
 11072 | Lair:1   | Reached XP level 12. HP: 108/108 MP: 12/12
 11350 | Lair:1   | Noticed Erica
 11356 | Lair:1   | Killed Erica
 12214 | Lair:2   | Found a staircase to the Swamp.
 12266 | Lair:2   | Identified the ring of Sebiviest {Str+4 Int+4 Dex+6}
 12298 | Lair:2   | Noticed a seven-headed hydra
 12302 | Lair:2   | Killed a ten-headed hydra
 12836 | Lair:3   | Noticed Fannar
 12844 | Lair:3   | Killed Fannar
 12873 | Lair:3   | Found a dark tunnel.
 12878 | Volcano  | Entered a volcano
 12894 | Volcano  | Noticed a centaur warrior
 12897 | Volcano  | Found a burning altar of Makhleb.
 12899 | Volcano  | Noticed a red draconian
 12903 | Volcano  | Shot with a bolt by a yaktaur

Illustrated notes

Levels and vault maps discovered:
D:1:      minmay_arrival_solitary_statue, layout_basic, serial_shops,
          nicolae_shop_temple_entry_statues_fountains, minmay_pentomino_x2
D:2:      layout_loops_corners, shapermc_ecumenical_altar_mp_ritualfount,
          solitary_fountain
D:3:      layout_basic
D:4:      layout_loops_corners, kiku_gazebo_garden_becter
D:5:      layout_cave_pools
D:6:      layout_rooms, nicolae_overflow_crystal_walls, temple_green,
          kennysheep_generic_room_13, uniq_pikel
D:7:      kennysheep_steamy, layout_loops_ring, kennysheep_small_square
D:8:      layout_loops_ring, erik_lair_island
D:9:      lemuel_slime, layout_stronghold, lemuel_round_altar,
          pdpol_wu_jian_five_deadly_venoms, uniq_harold
D:10:     layout_loops_ring, chequers_temple_overflow_statue_of_worship,
          gammafunk_temple_overflow_statue, hiddenorc1_lemuel, uniq_snorg
Lair:1:   beast_lair_carwin_large_2, layout_chaotic_city, gammafunk_ghost_arena,
          serial_bayou_ford_a, uniq_erica
Lair:2:   layout_cave_pods, swamp_mist_pool, serial_bayou_crossing
Lair:3:   nzn_winding_woodlands_cross
          [nzn_winding_woodlands_5x15_river_crossing,
          nzn_winding_woodlands_5x15_zeroes, nzn_winding_woodlands_5x15_crooked,
          nzn_winding_woodlands_5x15_cabin,
          nzn_winding_woodlands_15x15_five_gardens], layout_gridlike,
          minmay_snake_entry_guardpost_large, enter_volcano_4, uniq_fannar
Volcano:  kennysheep_volcano_temple

Skill      XL: |  1  2  3  4  5  6  7  8  9 10 11 12 |
---------------+-------------------------------------+-----
Dodging        | 3 4 5 6 7 8 9 |  9.7
Long Blades    | 4 5 6 7 |  7.9
Fighting       | 4 5 6 7 8 9 10 12 | 12.0
Stealth        | 1 2 3 4 5 |  5.8
Polearms       | 2 5 8 11 12 | 12.7
Shields        | 1 2 |  2.5

Action                   |  1- 3 |  4- 6 |  7- 9 | 10-12 || total
-------------------------+-------+-------+-------+-------++-------
Melee: Falchion          |    98 |   159 |    24 |       ||   281
       Tailslap          |    15 |    43 |    14 |    36 ||   108
       Glaive            |       |       |    67 |   295 ||   362
Invok: Berserk           |     1 |     2 |     4 |     7 ||    14
       Trog's Hand       |       |       |     1 |     1 ||     2
       Brothers in Arms  |       |       |       |     1 ||     1
 Abil: Breathe Lightning |       |       |     4 |       ||     4
  Use: Scroll            |       |       |    12 |     4 ||    16
       Potion            |       |       |       |     2 ||     2
 Stab: Sleeping          |     1 |     1 |     3 |    12 ||    17
       Held in net/web   |       |       |       |     1 ||     1
Armor: Skin              |    30 |    49 |    42 |    55 ||   176
Dodge: Dodged            |    83 |    96 |   103 |   153 ||   435
Block: Other             |       |       |    20 |    42 ||    62
       Reflection        |       |       |       |     8 ||     8
       Rpst.: Falchion   |    28 |    32 |     9 |       ||    69

Table legend: (Time is in decaauts)
 A = Elapsed time spent in this place.
 B = Non-inter-level travel time spent in this place.
 C = Inter-level travel time spent in this place.
 D = Time resting spent in this place.
 E = Time spent auto-exploring this place.
 F = Levels seen in this place.
 G = Mean time per level.
                   A        B        C        D        E       F      G
               +--------+--------+--------+--------+--------+-----+--------+
         Total |  13222 |  12384 |    838 |    838 |   9787 |  14 |  944.4 |
       Dungeon |  10932 |  10212 |    720 |    838 |   8019 |  10 | 1093.2 |
          Lair |   2263 |   2145 |    118 |      0 |   1752 |   3 |  754.3 |
       Volcano |     26 |     26 |      0 |      0 |     16 |   1 |   26.0 |
               +--------+--------+--------+--------+--------+-----+--------+

Top non-repeatable levels by time:
     D:4: 1449 daAuts
     D:1: 1328 daAuts
     D:9: 1321 daAuts
     D:8: 1296 daAuts
  Lair:1: 1099 daAuts
     D:7: 1050 daAuts
  Lair:2: 1036 daAuts
     D:2: 966 daAuts
    D:10: 953 daAuts
     D:5: 933 daAuts
     D:3: 874 daAuts
     D:6: 757 daAuts
  Lair:3: 127 daAuts
 Volcano: 26 daAuts
